AoeStats
← NoMore

Nomad

504860321Analyzed
3v3 RM · 25d ago on Sep 6, 2026· 55m 11s· 6 players
Game mode
Random Map
Map size
210×210
Population
200
Speed
Normal
Resources
Standard
Victory
Conquest
Starting age
Dark Age
Ending age
Imperial Age
RankedLock teamsTeams togetherTeam positionsShared explorationLock speedFull tech treeHidden civsTurbo modeCheats
Victory
Defeat
🇩🇪 Japanese · Germany
1116
+14
🇧🇪 Vietnamese · Belgium
1037
+18
🇩🇪 Byzantines · Germany
1007
+19
🇲🇽 Italians · Mexico
1112
-18
🇲🇽 Byzantines · Mexico
1090
-18
🇺🇸 Wu · United States
1015
-15
Turaliyon
3:55 Loom
4:58 Loom
5:54 Loom
14:10 Feudal Age
20:07 Castle Age
18:09 Double-Bit Axe
21:27 Bow Saw
22:18 Medium Warships
25:01 Wheelbarrow
29:11 Murder Holes
29:37 Ballistics
31:38 Hand Cart
31:45 Fletching
33:56 Bodkin Arrow
37:59 Imperial Age
37:11 Pikeman
38:04 Forging
41:17 Padded Archer Armor
41:42 Elite Skirmisher
43:08 Leather Archer Armor
42:54 Scale Mail Armor
43:09 Imperial Skirmisher
43:17 Halberdier
44:01 Husbandry
44:14 Heavy Camel Rider
46:52 Chemistry
46:12 Chain Mail Armor
47:31 Conscription
48:34 Squires
48:39 Bracer
49:11 Ring Archer Armor
49:11 Plate Mail Armor
49:40 Arson
49:40 Gambesons
51:08 Light Cavalry
53:22 Hussar
Flörider
4:44 Loom
15:18 Feudal Age
16:06 Double-Bit Axe
17:54 Man-at-Arms
19:57 Forging
24:04 Castle Age
22:19 Scale Mail Armor
23:18 Scale Barding Armor
23:27 Bloodlines
24:11 Long Swordsman
25:10 Fletching
34:39 Chain Mail Armor
37:02 Bow Saw
40:14 Wheelbarrow
41:11 Bodkin Arrow
42:06 Padded Archer Armor
44:47 Elite Skirmisher
49:40 Leather Archer Armor
55:39 Imperial Age
54:50 Iron Casting
Oracio
3:41 Loom
15:19 Feudal Age
16:45 Wheelbarrow
15:56 Town Watch
15:58 Fishing Lines
16:32 Double-Bit Axe
17:24 Horse Collar
18:39 Fletching
23:30 Castle Age
22:11 Arson
22:32 Scale Mail Armor
22:32 Padded Archer Armor
25:49 Hand Cart
26:09 Stone Mining
26:34 Bow Saw
26:17 Elite Skirmisher
27:00 Squires
27:31 Gold Mining
28:52 Heavy Plow
31:30 Stone Shaft Mining
33:31 Thumb Ring
33:27 Murder Holes
33:12 Treadmill Crane
40:21 Bodkin Arrow
39:55 Pikeman
44:33 Imperial Age
43:58 Leather Archer Armor
43:59 Chain Mail Armor
43:55 Forging
47:34 Chemistry
46:55 Ballistics
46:31 Imperial Skirmisher
47:14 Bracer
52:29 Ring Archer Armor
52:30 Plate Mail Armor
JR | azero
5:41 Loom
14:43 Feudal Age
15:18 Double-Bit Axe
21:05 Castle Age
19:23 Town Watch
19:38 Gold Mining
19:48 Fletching
19:59 Padded Archer Armor
20:59 Forging
21:52 Bodkin Arrow
49:18 Padded Archer Armor
NoMore
5:27 Loom
13:15 Feudal Age
14:21 Double-Bit Axe
16:39 Fishing Lines
18:46 Fletching
19:01 Stone Mining
19:49 Gold Mining
21:07 Scale Mail Armor
23:38 Castle Age
22:08 Forging
22:47 Town Watch
22:55 Arson
25:14 Squires
25:38 Bodkin Arrow
27:57 Red Cliffs Tactics
28:01 Padded Archer Armor
29:03 Husbandry
29:15 Pikeman
30:57 Gold Shaft Mining
30:57 Stone Shaft Mining
31:11 Scale Barding Armor
32:23 Wheelbarrow
36:02 Bloodlines
38:03 Leather Archer Armor
43:18 Imperial Age
43:30 Hand Cart
43:22 Heavy Hei Guang Cavalry
45:10 Conscription
46:05 Chain Mail Armor
46:25 Iron Casting
49:12 Plate Mail Armor
49:42 Blast Furnace
49:25 Stone Shaft Mining
55:06 Chain Barding Armor
54:43 Horse Collar
55:15 Bow Saw
Tanatos
4:08 Loom
15:02 Feudal Age
16:38 Wheelbarrow
23:57 Castle Age
21:48 Horse Collar
21:55 Double-Bit Axe
23:00 Forging
24:26 Pikeman
26:04 Hand Cart
29:03 Light Cavalry
32:26 Scale Mail Armor
40:17 Imperial Age
39:48 Fletching
40:33 Iron Casting
40:06 Husbandry
41:21 Conscription
43:37 Thumb Ring
43:40 Scale Barding Armor
44:10 Padded Archer Armor
44:20 Elite Skirmisher
47:06 Bodkin Arrow
47:26 Leather Archer Armor
48:02 Bracer
50:43 Ring Archer Armor
Connection lost

Rejoining the realm…

Still unreachable

The connection could not be restored.

Session expired

The server has moved on; the page needs a fresh start.